Map: Dynasty LE

Players

Stirvanas - Winner!

  • Race: Terran Terran
  • Spawn Location: 1:00

VOD

Have the link to the VOD?

Description

Time

  • Played on: Sept. 29, 2024, 8:02 a.m.
  • Length: 20:03
Show
View Real Time Build Order
Export as new Build Order

Stirvanas Terran - Winner!

Build Orders:  

Get SALT Encoding   

  12  0:04  SCV  
  13  0:29  SCV  
  14  0:34  Supply Depot  
  14  0:46  SCV  
  15  1:02  Refinery  
  15  1:04  SCV  
  16  1:21  SCV  
  16  1:23  Barracks  
  17  1:36  Refinery  
  17  1:38  SCV  
  18  1:55  SCV  
  19  2:12  SCV  
  19  2:14  Supply Depot  
  20  2:29  SCV  
  21  2:41  Barracks  
  21  3:03  SCV  
  21  3:06  Barracks Reactor  
  22  3:20  SCV  
  23  3:30  Supply Depot  
  23  3:37  SCV  
  24  3:54  SCV  
  24  3:59  Engineering Bay  
  27  4:11  SCV  
  27  4:13  Reaper x2  
  27  4:17  Barracks Tech Lab  
  28  4:31  Supply Depot  
  28  4:37  SCV  
  29  4:58  Reaper x2  
  31  5:07  SCV  
  31  5:08  Factory  
  32  5:13  Supply Depot  
  33  5:43  Reaper  
  34  6:14  Reaper, Marauder  
  36  6:22  Command Center  
  36  6:27  Reaper  
  36  6:28  Supply Depot  
  37  6:44  Marauder  
  39  6:57  Factory Tech Lab  
  39  6:59  Reaper  
  40  7:13  Marauder  
  40  7:18  Missile Turret  
  42  7:33  Siege Tank  
  45  7:43  Marauder  
  47  7:50  Missile Turret  
  47  8:03  SCV  
  47  8:08  SCV  
  49  8:18  Siege Tank  
  52  8:20  SCV  
  52  8:25  SCV  
  52  8:26  Marauder  
  56  8:37  SCV  
  57  8:42  SCV  
  58  8:54  SCV  
  58  8:56  Marauder  
  58  8:59  SCV  
  62  9:03  Siege Tank  
  65  9:11  SCV  
  65  9:16  SCV  
  67  9:26  Marauder  
  67  9:27  Reaper x2  
  71  9:32  SCV  
  72  9:40  Refinery  
  72  9:45  Refinery  
  72  9:48  Siege Tank  
  72  9:49  SCV  
  76  9:56  Marauder  
  78  10:27  Missile Turret  
  78  10:50  Supply Depot  
  78  10:56  Missile Turret  
  78  11:20  Siege Tank, SCV x2  
  78  11:22  Supply Depot  
  78  11:25  Reaper x2, Missile Turret  
  85  11:54  Supply Depot  
  82  12:19  Supply Depot  
  82  12:35  SCV  
  83  12:49  Supply Depot  
  83  12:52  SCV  
  84  13:09  SCV  
  85  13:39  Ghost Academy  
  85  14:15  Armory  
  85  14:44  Command Center  
  85  14:57  SCV  
  86  15:02  SCV  
  87  15:10  Siege Tank  
  87  15:14  SCV  
  87  15:15  Terran Infantry Armor Level 1  
  87  15:19  SCV  
  92  15:22  Ghost  
  94  15:31  SCV  
  94  15:36  SCV  
  96  15:48  SCV  
  93  15:53  SCV  
  93  15:54  Siege Tank  
  96  16:02  Ghost  
  98  16:10  SCV  
  99  16:39  Siege Tank  
  102  16:42  Ghost  
  102  16:43  Refinery  
  104  16:51  SCV  
  105  17:07  SCV  
  106  17:22  Ghost  
  106  17:24  Siege Tank, SCV  
  112  17:41  SCV  
  113  17:58  SCV  
  112  18:02  Ghost  
  113  19:03  SCV  
  113  19:06  SCV  
  117  19:20  SCV  
  121  19:23  SCV  
  124  19:36  SCV  
  125  19:40  SCV  
Tags
 
Matchup
Co-op
Add a new tag
Caveats
  • Supply blocks, unpowered buildings, or Contaminate may cause inaccurate times.
  • Supply counts are checked every 10 seconds.